 Dungeon Crawl Stone Soup version 0.28.0-53-g5a82cb258f (webtiles) character file.

Game seed: 14384451372228215718

2 Descartes the Vexing (level 1, 0/7 HPs)
             Began as a Felid Wanderer on June 19, 2022.
             Slain by a ball python (3 damage)
             ... on level 1 of the Dungeon.
             The game lasted 00:00:40 (114 turns).

Descartes the Vexing (Felid Wanderer)                Turns: 114, Time: 00:00:41

Health: 0/7        AC:  1    Str:  7    XL:     1   Next: 25%
Magic:  2/3        EV: 12    Int: 14    God:
Gold:   10         SH:  0    Dex: 15    Spells: 1/2 levels left
                                        Lives:  0   Deaths: 0

rFire   . . .      SeeInvis +   (weapon unavailable)
rCold   . . .      Faith    .   (shield unavailable)
rNeg    . . .      Spirit   .   (armour unavailable)
rPois   .          Reflect  .   (helmet unavailable)
rElec   .          Harm     .   (cloak unavailable)
rCorr   .          Rampage  .   (gloves unavailable)
Will    .....                   (boots unavailable)
Stlth   ++........              (no amulet)
HPRegen 0.02/turn               (no ring)
MPRegen 0.08/turn               (no ring)

@: constricted, quick
A: very small, claws 1, fangs 3, see invisible, speed 1, shaggy fur 1, stealthy
paws, no weapons or thrown items, no armour, multi-lived
a: no special abilities


You were on level 1 of the Dungeon.
You visited 1 branch of the dungeon, and saw 1 of its levels.

You collected 10 gold pieces.

You aren't carrying anything.


   Skills:
 + Level 0.2 Dodging
 + Level 2.7 Stealth
 + Level 0.1 Unarmed Combat
 - Level 1.0 Spellcasting
 - Level 4.4 Hexes
 + Level 0.1 Transmutations
 + Level 1.8 Poison Magic
 - Level 1.0 Invocations
 - Level 1.1 Evocations


You had one spell level left.
You knew the following spells:

 Your Spells              Type           Power      Damage    Failure   Level
a - Sting                 Tmut/Pois      12%        1d3       19%         1

Your spell library contained the following spells:

 Spells                   Type           Power      Damage    Failure   Level
 Slow                     Hex            52%        N/A       4%          1
 Confusing Touch          Hex            13%        N/A       13%         3
 Mephitic Cloud           Conj/Pois/Air  2%         N/A       52%         3
 Fulminant Prism          Conj/Hex       3%         3d6       71%         4
 Blade Hands              Tmut           0%         N/A       100%        5
 Portal Projectile        Hex/Tloc       Unusable   N/A       N/A         3
 Excruciating Wounds      Necr           Unusable   N/A       N/A         5

Dungeon Overview and Level Annotations

Branches:
Dungeon (1/15)

Altars:


Innate Abilities, Weirdness & Mutations

You have sharp claws.
You have razor-sharp teeth.
You have supernaturally acute eyesight. (SInv)
You cover ground quickly. (Speed+)
You are covered in fur. (AC +1)
Your paws help you pounce on unaware monsters.
You are incapable of wielding weapons or throwing items.
You cannot wear armour.
You gain extra lives every three experience levels.


Message History

The ball python is severely wounded.
The ball python bites you. The ball python misses you.
The rat completely misses you.
You closely miss the ball python. You bite the ball python.
You kill the ball python!
The rat closely misses you.
You scratch the rat.
The rat is heavily wounded.
The rat closely misses you.
Unknown command.
You scratch the rat.
You kill the rat!
Unknown command.
No target in view!
Your magical contamination has completely faded away.
Magic restored.
HP restored.
You now have 10 gold pieces.
A ball python comes into view.
Found 2 metallic black potions.
The ball python hisses angrily.
Found a pearl ring.
The ball python closely misses you. The ball python grabs you.
The ball python constricts you.
You closely miss the ball python. Your bite misses the ball python.
The ball python bites you. The ball python constricts you.
You scratch the ball python but do no damage.
Your bite misses the ball python. The ball python barely misses you.
The ball python constricts you. The ball python misses you.
The ball python constricts you.
You closely miss the ball python. The ball python closely misses you.
The ball python constricts you.
Casting: Sting (safe; 19% risk of failure)
Confirm with . or Enter, or press ? or * to list all spells.
Aiming: Sting (safe; 19% risk of failure)
Press: ? - help, Shift-Dir - straight line, f - ball python
Aim: a ball python (constricting you, 60% to hit)
The sting hits the ball python.
The ball python is poisoned.
The ball python is severely wounded.
The ball python bites you.
You die...

....=...#
........#
........♣
........♣
......♣
####....♣♣
.......S.♣
.......@.♣♣
####......♣
........^.♣
P.P.......♣
..!...#..#♣
P.P.P.#..#
.P.P.8#..#
P.P.P.#..#
.P.P. #..#


You could see a ball python (poisoned).

Vanquished Creatures
  A ball python (D:1)
  A rat (D:1)
2 creatures vanquished.

Notes
Turn   | Place    | Note
-------+----------+-------------------------------------------
     0 | D:1      | Descartes the Felid Wanderer began the quest for the Orb.
     0 | D:1      | Descartes set off with the following spells available to
                  | memorise: Slow, Sting, Confusing Touch, Mephitic Cloud,
                  | Fulminant Prism
     0 | D:1      | Reached XP level 1. HP: 7/7 MP: 3/3
     2 | D:1      | Learned a level 1 spell: Sting
   114 | D:1      | Slain by a ball python

Illustrated notes

Levels and vault maps discovered:
D:1:      sevenhm_arrival_forest_fort_large_4, layout_loops_ring

Action                   || total
-------------------------++-------
Melee: Unarmed           ||     9
       Bite              ||     1
 Cast: Sting             ||     1
Armor: Skin              ||     1
Dodge: Dodged            ||    14
